 Dungeon Sprint DCSS version 0.29-a0-284-gf9362112df (webtiles) character file.

Game seed: 1896387149795913212

28 mhtbhm the Skirmisher (level 3, -5/49 HPs)
             Began as a Barachi Berserker on Mar 14, 2022.
             Was a Believer of Trog.
             Slain by a human (8 damage)
             ... in the Dungeon (Sprint III: "The Ten Rune Challenge").
             The game lasted 00:00:15 (174 turns).

mhtbhm the Skirmisher (Barachi Berserker)            Turns: 174, Time: 00:00:15

Health: -5/49      AC:  2    Str: 20    XL:     3   Next: 12%
Magic:  3/3        EV: 12    Int:  7    God:    Trog [**....]
Gold:   23         SH:  0    Dex: 11    Spells: 2/2 levels left

rFire   . . .      SeeInvis .   a - +0 hand axe
rCold   . . .      Faith    .   (no shield)
rNeg    . . .      Spirit   .   b - +0 animal skin
rPois   .          Reflect  .   (no helmet)
rElec   .          Harm     .   (no cloak)
rCorr   .          Rampage  .   (no gloves)
Will    .....      NoTele   +   (no boots)
Stlth   ..........              (no amulet)
HPRegen 0.16/turn               (no ring)
MPRegen 0.08/turn               (no ring)

@: berserking, quick
A: amphibious, slowness 1, strong legs 1, +LOS
a: Hop, Renounce Religion, Berserk, Trog's Hand


You were in the Dungeon.
You worshipped Trog.
Trog was pleased with you.
You visited 1 branch You collected 23 gold pieces.

Inventory:

Hand Weapons
 a - a +0 hand axe (weapon)
Armour
 b - a +0 animal skin (worn)
Wands
 i - a wand of flame (8)
Scrolls
 h - a scroll of blinking
Potions
 c - a potion of curing
 d - a potion of heal wounds
 e - a potion of haste
 f - 2 potions of magic
 g - a potion of berserk rage
 j - a potion of resistance


   Skills:
 + Level 5.6 Fighting
 + Level 5.2 Axes
 + Level 3.3 Armour
 + Level 3.1 Dodging


You had 2 spell levels left.
You didn't know any spells.
Your spell library was empty.

Dungeon Overview and Level Annotations

Branches:
Dungeon (1/1)

Altars:


Innate Abilities, Weirdness & Mutations

You are amphibious.
You cover ground slowly.
You can hop short distances.
You have an extended range of vision and can be seen from far away.


Message History

The human is moderately wounded.
The human hits you!
You closely miss the human. You punch the human.
The human is moderately wounded.
The human hits you.
You hit the human.
The human is moderately wounded.
The human barely misses you.
You barely miss the human.
The human is moderately wounded.
The human barely misses you.
You closely miss the human.
The human is moderately wounded.
The human barely misses you.
You barely miss the human.
The human is moderately wounded.
The human barely misses you.
You closely miss the human.
The human is moderately wounded.
The human barely misses you.
You slash the human!
The human is heavily wounded.
The human hits you.
You closely miss the human.
The human is heavily wounded.
The human hits you.
You closely miss the human.
The human is heavily wounded.
The human hits you.
* * * LOW HITPOINT WARNING * * *
A red film seems to cover your vision as you go berserk!
You feel yourself moving faster!
You feel mighty! The human hits you.
* * * LOW HITPOINT WARNING * * *
You miss the human.
The human is heavily wounded.
The human misses you.
You slash the human!
The human is almost dead.
The human hits you!
You die...

▓.....#....≈.♣ ♣♣
▓.....#...≈≈.♣..♣ #
▓.....#..≈≈≈≈♣.♣♣.+
▓####'#..≈≈≈≈≈≈...#
▓...)†#.≈≈≈≈≈≈....#
▓.....#.≈≈≈≈≈.....#
▓.....#.≈≈≈.......#
▓'#####...........#
▓.........@p......#
▓▓▓▓▓▓▓▓▓▓▓▓▓▓▓▓▓▓▓


You could see a human.

Vanquished Creatures
  Jessica (D)
  3 rats (D)
4 creatures vanquished.

Notes
Turn   | Place    | Note
-------+----------+-------------------------------------------
     0 | D        | mhtbhm the Barachi Berserker began the quest for the Orb.
     0 | D        | Reached XP level 1. HP: 18/18 MP: 1/1
    55 | D        | Noticed Jessica
    59 | D        | Killed Jessica
    59 | D        | Reached ** piety under Trog
    60 | D        | Reached skill level 5 in Fighting
    60 | D        | Reached skill level 5 in Axes
    60 | D        | Reached XP level 2. HP: 19/27 MP: 2/2
    60 | D        | Reached XP level 3. HP: 23/33 MP: 3/3
   172 | D        | HP: 2/49 [human (4)]
   174 | D        | Slain by a human

Illustrated notes

Levels and vault maps discovered:
D:        dungeon_sprint_mu [sprint_mu_entry_forest, sprint_mu_temple_rooms,
          sprint_mu_d1_horrors, sprint_mu_d2_genie, sprint_mu_d3_branching,
          sprint_mu_orc_legion, sprint_mu_elf_gauntlet, sprint_mu_hive_nellie,
          sprint_mu_lair_fedhas, sprint_mu_vaults_butterflies,
          sprint_mu_slime_circle, sprint_mu_swamp_cave, sprint_mu_shoals_kraken,
          sprint_mu_blade_basic, sprint_mu_crypt_chambers,
          sprint_mu_tomb_spiral, sprint_mu_vestibule_basic,
          sprint_mu_gehenna_hellfire, sprint_mu_dis_giant,
          sprint_mu_tartarus_statrot, sprint_mu_cocytus_islands, sprint_mu_zot1]

Skill      XL: |  1 |
---------------+----+-----
Fighting       | 5 |  5.6
Axes           | 5 |  5.2
Armour         | 3 |  3.3
Dodging        | 3 |  3.1

Action                   || total
-------------------------++-------
Melee: Hand axe          ||    25
       Punch             ||     1
Invok: Berserk           ||     1
Armor: Animal skin       ||     2
Dodge: Dodged            ||    14

Table legend: (Time is in decaauts)
 A = Elapsed time spent in this place.
 B = Non-inter-level travel time spent in this place.
 C = Inter-level travel time spent in this place.
 D = Time resting spent in this place.
 E = Time spent auto-exploring this place.
 F = Levels seen in this place.
 G = Mean time per level.
                   A        B        C        D        E       F      G
               +--------+--------+--------+--------+--------+-----+--------+
         Total |    180 |    180 |      0 |    116 |      1 |   1 |  180.0 |
       Dungeon |    180 |    180 |      0 |    116 |      1 |   1 |  180.0 |
               +--------+--------+--------+--------+--------+-----+--------+

Top non-repeatable levels by time:
       D: 180 daAuts
